 Dungeon Crawl Stone Soup version 0.28-a0-1213-g0243856f03 (webtiles) character file.

Game seed: 2966327802092116912

11 Creed the Conjurer (level 2, 0/19 HPs)
             Began as a Demonspawn Conjurer on Dec 21, 2021.
             Succumbed to a kobold's poison
             ... on level 1 of the Dungeon.
             The game lasted 00:01:36 (503 turns).

Creed the Conjurer (Demonspawn Conjurer)             Turns: 503, Time: 00:01:37

Health: 0/19       AC:  7    Str:  7    XL:     2   Next: 13%
Magic:  1/5        EV: 12    Int: 19    God:
Gold:   15         SH:  0    Dex: 11    Spells: 4/5 levels left

rFire   . . .      SeeInvis .   b - +0 dagger
rCold   . . .      Faith    .   (no shield)
rNeg    . . .      Spirit   .   a - +0 robe
rPois   .          Reflect  .   (no helmet)
rElec   .          Harm     .   (no cloak)
rCorr   .          Rampage  .   (no gloves)
Will    .....                   d - +2 pair of boots
Stlth   ++........              (no amulet)
HPRegen 0.06/turn               (no ring)
MPRegen 0.09/turn               (no ring)

@: lethally poisoned (0 -> -11)
A: thin metallic scales 1
a: no special abilities


You were on level 1 of the Dungeon.
You visited 1 branch of the dungeon, and saw 1 of its levels.

You collected 15 gold pieces.

Inventory:

Hand Weapons
 b - a +0 dagger (weapon)
Armour
 a - a +0 robe (worn)
 d - a +2 pair of boots (worn)
Scrolls
 c - a scroll of magic mapping {unknown}


   Skills:
 - Level 1.7 Dodging
 - Level 1.7 Stealth
 + Level 2.3 Spellcasting
 + Level 4.2 Conjurations


You had 4 spell levels left.
You knew the following spells:

 Your Spells              Type           Power      Damage    Failure   Level
a - Magic Dart            Conj           72%        1d6       2%          1

Your spell library contained the following spells:

 Spells                   Type           Power      Damage    Failure   Level
 Searing Ray              Conj           36%        2d5       4%          2
 Dazzling Flash           Conj/Hex       20%        N/A       21%         3
 Fulminant Prism          Conj/Hex       5%         3d7       56%         4
 Iskenderun's Mystic Bla  Conj/Tloc      10%        2d4       56%         4


Dungeon Overview and Level Annotations

Branches:
Dungeon (1/15)

Altars:


Innate Abilities, Weirdness & Mutations

You are partially covered in thin metallic scales. (AC +2)


Message History

Aim: a ball python (100% to hit)
The magic dart hits the ball python.
You kill the ball python!
Casting: Magic Dart (safe; 2% risk of failure)
Confirm with . or Enter, or press ? or * to list all spells.
Aiming: Magic Dart (safe; 2% risk of failure)
Press: ? - help, Shift-Dir - straight line, f - kobold
Aim: a kobold, wielding a +0 short sword of venom (100% to hit)
The magic dart hits the kobold.
The kobold is moderately wounded.
Casting: Magic Dart (safe; 2% risk of failure)
Confirm with . or Enter, or press ? or * to list all spells.
Aiming: Magic Dart (safe; 2% risk of failure)
Press: ? - help, Shift-Dir - straight line, f/p - kobold
Aim: a kobold, wielding a +0 short sword of venom (moderately wounded, 100% to hit)
The magic dart hits the kobold.
The kobold is severely wounded.
You closely miss the kobold.
The kobold is severely wounded.
The kobold barely misses you.
You hit the kobold but do no damage.
The kobold is severely wounded.
The kobold barely misses you.
You hit the kobold but do no damage.
The kobold is severely wounded.
You hit the kobold but do no damage.
The kobold is severely wounded.
The kobold hits you with a +0 short sword of venom.
You are poisoned.
You feel very sick. The kobold hits you but does no damage.
You feel sick.
You feel sick.
You feel sick. The kobold hits you but does no damage.
You feel sick.
The kobold hits you with a +0 short sword of venom.
You are lethally poisoned!
* * * LOW HITPOINT WARNING * * *
You feel very sick.
You die...

.................#
..###............#
.................#
...##..#........##
#.....##....[...#
.....###........#
..(....#........#
................###
.#.#.###........@.#
...#.# ........#.#
#################K#
.8.8.♣.8.♣.8.8.8.K#
.............†..J.#
.8.♣.8.♣.♣.8.8.8.##
##################
........ #.#..#..


You could see 2 kobolds.

Vanquished Creatures
  A dart slug (D:1)
  A giant cockroach (D:1)
  2 goblins (D:1)
  A quokka (D:1)
  A ball python (D:1)
  2 bats (D:1)
  A kobold (D:1)
9 creatures vanquished.

Notes
Turn   | Place    | Note
-------+----------+-------------------------------------------
     0 | D:1      | Creed the Demonspawn Conjurer began the quest for the Orb.
     0 | D:1      | Reached XP level 1. HP: 13/13 MP: 3/3
   438 | D:1      | Gained mutation: You are partially covered in thin metallic
                  | scales. (AC +2) [demonic ancestry]
   438 | D:1      | Reached XP level 2. HP: 19/19 MP: 0/5
   503 | D:1      | Succumbed to a kobold's poison

Illustrated notes

Levels and vault maps discovered:
D:1:      nicolae_arrival_memento_mori, layout_rooms,
          hellmonk_ecumenical_altar_blasted, minmay_misc_feat_room,
          moated_statue, chequers_avenue, minmay_tree_intersection

Action                   || total
-------------------------++-------
Melee: Dagger            ||    17
       Unarmed           ||     4
 Cast: Magic Dart        ||    17
Armor: Robe              ||     7
Dodge: Dodged            ||    22

Table legend: (Time is in decaauts)
 A = Elapsed time spent in this place.
 B = Non-inter-level travel time spent in this place.
 C = Inter-level travel time spent in this place.
 D = Time resting spent in this place.
 E = Time spent auto-exploring this place.
 F = Levels seen in this place.
 G = Mean time per level.
                   A        B        C        D        E       F      G
               +--------+--------+--------+--------+--------+-----+--------+
         Total |    502 |    502 |      0 |    208 |    178 |   1 |  502.0 |
       Dungeon |    502 |    502 |      0 |    208 |    178 |   1 |  502.0 |
               +--------+--------+--------+--------+--------+-----+--------+

Top non-repeatable levels by time:
     D:1: 502 daAuts
